 Dungeon Crawl Stone Soup version 0.30.1-3-gfc49f6343a (webtiles) character file.

Game seed: 15282153509993814523

4 LynnLen the Sneak (level 1, -4/9 HPs)
             Began as a Spriggan Enchanter on Aug 5, 2023.
             Slain by a gnoll
             ... wielding a +0 flail
              (13 damage)
             ... on level 1 of the Dungeon.
             The game lasted 00:02:23 (103 turns).

LynnLen the Sneak (Spriggan Enchanter)               Turns: 103, Time: 00:02:24

Health: -4/9       AC:  2    Str:  4    XL:     1   Next: 58%
Magic:  5/5        EV: 17    Int: 16    God:
Gold:   0          SH:  0    Dex: 15    Spells: 5/5 levels left

rFire   . . .        a - +1 dagger
rCold   . . .        (no shield)
rNeg    . . .        b - +0 robe
rPois   .            (helmet restricted)
rElec   .            (no cloak)
rCorr   .            (gloves unavailable)
SInv    +            (boots unavailable)
Will    .....        (no amulet)
Stlth   +++          (no ring)
HPRegen 0.21/turn    (no ring)
MPRegen 0.09/turn

%: no passive effects
@: very quick
A: very small, no large weapons, unfitting armour, see invisible, speed 3
a: no special abilities


You were on level 1 of the Dungeon.
You visited 1 branch of the dungeon, and saw 1 of its levels.

Inventory:

Hand Weapons
 a - a +1 dagger (weapon)
Armour
 b - a +0 robe (worn)
Potions
 c - 2 potions of invisibility


   Skills:
 + Level 1.2 Short Blades
 + Level 2.8 Dodging
 + Level 4.5 Stealth
 * Level 2.8 Spellcasting
 * Level 3.7 Hexes


You had 5 spell levels left.
You didn't know any spells.
Your spell library contained the following spells:

 Spells                   Type           Power      Damage    Failure   Level
 Confusing Touch          Hex            14%        N/A       12%         3
 Tukima's Dance           Hex            14%        N/A       12%         3
 Ensorcelled Hibernation  Hex/Ice        16%        N/A       13%         2
 Magic Dart               Conj           8%         1d3       19%         1
 Dazzling Flash           Conj/Hex       16%        N/A       26%         3
 Call Imp                 Summ           4%         N/A       28%         2
 Mephitic Cloud           Conj/Pois/Air  2%         N/A       50%         3


Dungeon Overview and Level Annotations

Branches:
Dungeon (1/15)

Altars:


Innate Abilities, Weirdness & Mutations

You are very small and have problems with some larger weapons.
You are too small for most types of armour.
You have supernaturally acute eyesight. (SInv)
You cover ground extremely quickly. (Speed+++)


Message History

You hit the rat.
You kill the rat!
You see here a rat corpse.
A hobgoblin comes into view.
The helpless hobgoblin fails to defend itself.
You impale the hobgoblin!!
You kill the hobgoblin!
You see here a +0 robe.
Found a leather armour.
You see here a +0 leather armour.
A ball python comes into view.
A hobgoblin comes into view.
You see here a book of Minor Magic.
The helpless ball python fails to defend itself.
You impale the ball python!!
You kill the ball python!
You see here a book of Minor Magic.
You pick up a book of Minor Magic and begin reading...
You add the spells Magic Dart, Call Imp and Mephitic Cloud to your library.
You aren't carrying any scrolls.
A rat comes into view.
Found an escape hatch in the floor.
The hobgoblin shouts!
You hear a shout!
You barely miss the hobgoblin. The hobgoblin barely misses you.
You hit the hobgoblin.
The hobgoblin is heavily wounded.
The hobgoblin misses you.
You hit the hobgoblin.
The hobgoblin is heavily wounded.
A gnoll comes into view. It is wielding a +0 flail.
The hobgoblin closely misses you.
You hit the hobgoblin. You punch the hobgoblin.
You kill the hobgoblin!
No quiver actions available for cycling.
Use [Q] to select from all actions.
The gnoll closely misses you.
You hit the gnoll.
The gnoll is moderately wounded.
The gnoll hits you with a +0 flail!
Ouch! That really hurt!
You die...

###...####.... #....##
............. #.##..##
...r........ #..##..#
...........# #...[...
...........#
##..##.#.† #......>.#
##...#..##.
#........###..#.#..###
#g# ##..##..#.# #
#@####..###.##.#
#..##..## #..#.###
##....## #......#
#...## #.####.#
##...## #......#
###..## #.##.###
##..###.##.#
##..##....# #
##.[#.#..###


You could see a gnoll and a rat.

Vanquished Creatures
  A ball python (D:1)
  2 hobgoblins (D:1)
  A rat (D:1)
4 creatures vanquished.

Notes
Turn   | Place    | Note
-------+----------+-------------------------------------------
     0 | D:1      | LynnLen the Spriggan Enchanter began the quest for the Orb.
     0 | D:1      | Reached XP level 1. HP: 9/9 MP: 5/5
   103 | D:1      | Slain by a gnoll

Illustrated notes

Levels and vault maps discovered:
D:1:      dpeg_chamrin_arrival_tetris, layout_basic, hex_intersection

Action                     || total
---------------------------++-------
  Melee: Dagger            ||     8
         Punch             ||     1
   Stab: Sleeping          ||     2
  Dodge: Dodged            ||     4
